 Dungeon Crawl Stone Soup version 0.31-a0-1178-gc5c9b8f871 (webtiles) character file.

Game seed: 14830130822680293886

114 grandjackal the Chopper (level 4, 0/35 HPs)
             Began as a Demonspawn Gladiator on Dec 12, 2023.
             Slain by a gnoll
             ... wielding a +0 spear
              (3 damage)
             ... on level 3 of the Dungeon.
             The game lasted 00:01:25 (1824 turns).

grandjackal the Chopper (Demonspawn Gladiator)      Turns: 1824, Time: 00:01:25

Health: 0/35       AC:  3    Str: 23    XL:     4   Next: 67%
Magic:  4/4        EV: 13    Int:  8    God:
Gold:   109        SH:  0    Dex: 20    Spells: 3/3 levels left

rFire   . . .        a - +0 war axe
rCold   . . .        (no shield)
rNeg    . . .        b - +0 leather armour
rPois   .            (helmet restricted)
rElec   .            (no cloak)
rCorr   .            (no gloves)
SInv    .            (no boots)
Will    .....        (no amulet)
Stlth   +            n - +6 ring of strength
HPRegen 0.25/turn    k - +6 ring of dexterity
MPRegen 0.09/turn

%: no passive effects
@: no status effects
A: horns 1
a: no special abilities


You were on level 3 of the Dungeon.
You visited 1 branch of the dungeon, and saw 3 of its levels.

You collected 109 gold pieces.

Inventory:

Hand Weapons
 a - a +0 war axe (weapon)
Missiles
 d - 3 throwing nets (quivered)
 e - a javelin
Armour
 b - a +0 leather armour (worn)
Jewellery
 i - a ring of wizardry
 k - a +6 ring of dexterity (right hand)
 n - a +6 ring of strength (left hand)
Scrolls
 c - 3 scrolls of identify {unknown}
 f - 3 scrolls of teleportation {unknown}
 h - a scroll of enchant armour {unknown}
 l - a scroll of fog {unknown}
Potions
 g - a potion of ambrosia {unknown}
 j - a potion of heal wounds {unknown}
 m - 2 potions of curing {unknown}


   Skills:
 + Level 3.3 Fighting
 + Level 3.6 Axes
 - Level 2.3 Throwing
 - Level 3.1 Dodging


You had 3 spell levels left.
You didn't know any spells.
Your spell library contained the following spells:

 Spells                   Type           Power      Damage    Failure   Level
 Cigotuvi's Dreadful Rot  Necr/Pois/Air  0%         N/A       58%         2
 Ignite Poison            Fire/Tmut/Pois 0%         N/A       83%         3
 Freezing Cloud           Conj/Ice/Air   0%         6-21      100%        5


Dungeon Overview and Level Annotations

Branches:
Dungeon (3/15)

Altars:
Sif Muna
Vehumet


Innate Abilities, Weirdness & Mutations

You have a pair of small horns on your head.


Message History

Things that are here:
a +0 short sword; a kobold corpse A gnoll comes into view.
It is wielding a +0 spear.
A gnoll comes into view. It is wielding a +0 spear.
Found a cyan potion.
The gnoll hits you with a +0 spear.
The gnoll shouts!
You slash the gnoll!
The gnoll is severely wounded.
The gnoll hits you with a +0 spear.
You closely miss the gnoll.
The gnoll is severely wounded.
You hit the gnoll. The gnoll hits you with a +0 spear.
Unknown command.
You closely miss the gnoll.
The gnoll is severely wounded.
You barely miss the gnoll. The gnoll closely misses you.
The gnoll barely misses you. The gnoll hits you with a +0 spear.
The gnoll hits you from afar with a +0 spear.
The gnoll hits you with a +0 whip. The gnoll misses you. x2
Unknown command.
You hit the gnoll.
The gnoll is almost dead.
You barely miss the gnoll. The gnoll closely misses you.
The gnoll hits you with a +0 whip. The gnoll hits you with a +0 spear.
The gnoll hits you but does no damage.
Unknown command.
You barely miss the gnoll.
The gnoll is almost dead.
You hit the gnoll.
The gnoll hits you from afar with a +0 spear.
* * * LOW HITPOINT WARNING * * *
The gnoll closely misses you. x2; The gnoll barely misses you.
Unknown command.
You hit the gnoll but do no damage.
The gnoll is almost dead.
You hit the gnoll but do no damage.
The gnoll hits you from afar with a +0 spear!
* * * LOW HITPOINT WARNING * * *
The gnoll hits you with a +0 spear.
You die...

#.# #.######
###.## #.#
#.######.# #.#
#######........
#.#
##.[.....#####.#
#.# #.........##
.# .
...#.#....###.#
...#.....#......#
.....#.#.....####
#..g.@.)#..#
....#ggg#....# .
#.).....#..#
.....#.#.....#
...#!....#...# ..
..#.#....## .
.........## ##.
.....##


You could see 4 gnolls.

Vanquished Creatures
  Natasha (thrice) (D:2)
  A worm (D:2)
  2 orcs (D:3)
  3 ball pythons
  2 bats
  3 endoplasms
  A giant cockroach (D:3)
  2 goblins (D:2)
  A hobgoblin (D:1)
  7 kobolds
  4 quokkas (D:1)
  2 frilled lizards (D:1)
  4 rats
35 creatures vanquished.

Notes
Turn   | Place    | Note
-------+----------+-------------------------------------------
     0 | D:1      | grandjackal the Demonspawn Gladiator began the quest for
                  | the Orb.
     0 | D:1      | Reached XP level 1. HP: 16/16 MP: 1/1
   216 | D:1      | Gained mutation: You have a pair of small horns on your
                  | head. [demonic ancestry]
   216 | D:1      | Reached XP level 2. HP: 14/22 MP: 2/2
   757 | D:2      | Noticed Natasha
   766 | D:2      | Killed Natasha
   767 | D:2      | Reached XP level 3. HP: 22/28 MP: 3/3
   796 | D:2      | Noticed Natasha
   804 | D:2      | Killed Natasha
   805 | D:2      | Reached XP level 4. HP: 15/34 MP: 4/4
   894 | D:2      | Found a faded altar of an unknown god.
  1058 | D:2      | Noticed Natasha
  1075 | D:2      | Killed Natasha
  1590 | D:3      | Found a shimmering blue altar of Sif Muna.
  1811 | D:3      | Found a radiant altar of Vehumet.
  1824 | D:3      | Slain by a gnoll

Illustrated notes

Levels and vault maps discovered:
D:1:      dpeg_arrival_simpleton_a, layout_loops_ring
D:2:      layout_basic, ebering_ecumenical_altar_mist,
          nicolae_elevator_lobby_plus, uniq_natasha
D:3:      layout_loops_ring, mainiacjoe_overflow_small_starburst,
          nicolae_vehumet_radiance, uniq_grinder

Skill      XL: |  1  2  3  4 |
---------------+-------------+-----
Throwing       | 2 |  2.3
Axes           | 3 |  3.6
Dodging        | 3 |  3.1
Fighting       | 3 |  3.3

Action                     |  1- 3 |  4- 6 || total
---------------------------+-------+-------++-------
  Melee: War axe           |    43 |    62 ||   105
         Headbutt          |     5 |     7 ||    12
         Punch             |       |     1 ||     1
   Stab: Sleeping          |       |     1 ||     1
 Armour: Leather armour    |    25 |    47 ||    72
  Dodge: Dodged            |    28 |    54 ||    82

Table legend: (Time is in decaauts)
 A = Elapsed time spent in this place.
 B = Non-inter-level travel time spent in this place.
 C = Inter-level travel time spent in this place.
 D = Time resting spent in this place.
 E = Time spent auto-exploring this place.
 F = Levels seen in this place.
 G = Mean time per level.
                   A        B        C        D        E       F      G
               +--------+--------+--------+--------+--------+-----+--------+
         Total |   1858 |   1840 |     18 |    389 |   1171 |   3 |  619.3 |
       Dungeon |   1858 |   1840 |     18 |    389 |   1171 |   3 |  619.3 |
               +--------+--------+--------+--------+--------+-----+--------+

Top non-repeatable levels by time:
     D:2: 789 daAuts
     D:1: 768 daAuts
     D:3: 300 daAuts
